 Dungeon Crawl Stone Soup version 0.22.0-38-g04b72b8 (webtiles) character file.

65 harcile the Chopper (level 4, -13/60 HPs)
             Began as a Hill Orc Berserker on Aug 30, 2018.
             Was a Believer of Trog.
             Mangled by an orc warrior
             ... wielding a +1 trident of freezing
              (17 damage)
             ... on level 3 of the Dungeon.
             The game lasted 00:04:32 (1746 turns).

harcile the Chopper (Hill Orc Berserker)            Turns: 1746, Time: 00:04:32

Health: -13/60     AC: 10    Str: 25    XL:     4   Next: 14%
Magic:  4/4        EV:  8    Int:  7    God:    Trog [**....]
Gold:   84         SH:  0    Dex: 10    Spells: 3/3 levels left

rFire    . . .     SeeInvis .   o - +0 war axe
rCold    . . .     Gourm    .   (no shield)
rNeg     . . .     Faith    .   f - +0 chain mail
rPois    .         Spirit   .   (no helmet)
rElec    .         Reflect  .   s - +0 cloak
rCorr    .         Harm     .   (no gloves)
MR       .....                  (no boots)
Stlth    ..........             (no amulet)
HPRegen  0.20/turn              (no ring)
MPRegen  0.09/turn              (no ring)

@: berserking, very quick
A: no striking features
a: Berserk, Trog's Hand, Renounce Religion, Convert to Beogh


You were on level 3 of the Dungeon.
You worshipped Trog.
Trog was pleased with you.
You were hungry.

You visited 1 branch of the dungeon, and saw 3 of its levels.

You collected 84 gold pieces.

Inventory:

Hand Weapons
 a - a +0 hand axe
 o - a +0 war axe (weapon)
Armour
 f - a +0 chain mail (worn)
 s - a +0 cloak (worn)
Jewellery
 g - an uncursed ring of magical power {unknown}
Scrolls
 d - 3 scrolls of identify {unknown}
 e - a scroll of magic mapping {unknown}
 h - 3 scrolls of teleportation {unknown}
 i - 2 scrolls of remove curse {unknown}
 l - 2 scrolls of amnesia {unknown}
 n - a scroll of blinking {unknown}
 r - a scroll of enchant weapon {unknown}
Potions
 b - a potion of flight {unknown}
 j - 2 potions of curing {unknown}
 k - a potion of degeneration {unknown}
 m - 2 potions of heal wounds {unknown}
 p - a potion of haste
Comestibles
 c - 6 rations
 q - 2 chunks of flesh


   Skills:
 + Level 4.1 Fighting
 + Level 5.6 Axes
 + Level 2.6 Armour
 + Level 1.7 Dodging


You had 3 spell levels left.
You didn't know any spells.
Your spell library was empty.

Dungeon Overview and Level Annotations

Branches:
Dungeon (3/15)

Altars:
Ashenzari
Fedhas
Kikubaaqudgha


Message History

The orc warrior freezes you.
* * * LOW HITPOINT WARNING * * *
The orc hits you but does no damage.
The orc priest shouts, "Join the one true god or die!"
The orc priest hits you but does no damage.
You slash the orc warrior!
The orc warrior is moderately wounded.
You barely miss the orc priest.
The orc priest shouts, "Beogh is our master!
Accept the truth or die!"
The orc hits you from afar with a trident of flaming.
* * * LOW HITPOINT WARNING * * *
The orc burns you.
* * * LOW HITPOINT WARNING * * *
The orc warrior barely misses you.
A dart slug comes into view.
You hit the orc warrior.
The orc warrior is moderately wounded.
You hit the orc priest. The orc priest closely misses you.
The orc warrior hits you with a trident of freezing!
You die...

............... ....
#.........# ....
#.........# ..... #####
#.........##
.....##...###...........
..................#.....
......(.................
........................
......o@......(......#..
....(.o..............#..
#...go.......#######....
....r##......# #....
..... #.###### #....
..$. #.. ..... ... #..
w.. #..


You could see an orc warrior, an orc priest, a dart slug, an orc, a goblin and a
rat.

Vanquished Creatures
  2 adders (D:2)
  3 worms (D:2)
  An orc (D:3)
  7 bats
  2 giant cockroaches (D:2)
  6 goblins
  2 hobgoblins (D:1)
  3 jackals (D:2)
  5 kobolds
  A quokka (D:2)
  A ball python (D:2)
  A frilled lizard (D:1)
  3 rats
37 creatures vanquished.

Notes
Turn   | Place    | Note
-------+----------+-------------------------------------------
     0 | D:1      | harcile the Hill Orc Berserker began the quest for the Orb.
     0 | D:1      | Reached XP level 1. HP: 19/19 MP: 1/1
   222 | D:1      | Reached XP level 2. HP: 27/27 MP: 2/2
   573 | D:2      | Found a blossoming altar of Fedhas.
   574 | D:2      | Found an ancient bone altar of Kikubaaqudgha.
   632 | D:2      | Reached XP level 3. HP: 31/33 MP: 3/3
   655 | D:2      | Reached skill level 5 in Axes
   766 | D:2      | HP: 1/33 [quokka (4)]
   926 | D:2      | Found a shattered altar of Ashenzari.
  1079 | D:2      | Reached ** piety under Trog
  1094 | D:2      | Reached XP level 4. HP: 31/40 MP: 4/4
  1737 | D:3      | Noticed an orc warrior
  1746 | D:3      | Mangled by an orc warrior

Skill      XL: |  1  2  3 |
---------------+----------+-----
Fighting       | 4 |  4.1
Axes           | 5 |  5.6
Armour         | |  2.6
Dodging        | |  1.7

Action                   |  1- 3 |  4- 6 || total
-------------------------+-------+-------++-------
Melee: Hand axe          |    80 |       ||    80
       War axe           |    29 |    13 ||    42
Invok: Berserk           |     2 |     1 ||     3
  Eat: Chunk             |     3 |     2 ||     5
Armor: Chain mail        |    69 |     8 ||    77
Dodge: Dodged            |    53 |     4 ||    57
